 Dungeon Crawl Stone Soup version 0.23.1 (webtiles) character file.

Game seed: 16612607788609010967

52 dhn the Magician (level 3, 0/14 HPs)
             Began as a Felid Wizard on Mar 17, 2019.
             Succumbed to an adder's poison
             ... on level 2 of the Dungeon.
             The game lasted 00:05:42 (2177 turns).

dhn the Magician (Felid Wizard)                     Turns: 2177, Time: 00:05:43

Health: 0/14       AC:  1    Str:  3    XL:     3   Next: 60%
Magic:  2/9        EV: 18    Int: 20    God:
Gold:   63         SH:  0    Dex: 14    Spells: 2/9 levels left
                                        Lives:  0   Deaths: 0

rFire    . . .     SeeInvis +   (weapon unavailable)
rCold    . . .     Gourm    .   (shield unavailable)
rNeg     . . .     Faith    .   (armour unavailable)
rPois    .         Spirit   .   (helmet unavailable)
rElec    .         Reflect  .   (cloak unavailable)
rCorr    .         Harm     .   (gloves unavailable)
MR       .....                  (boots unavailable)
Stlth    +++.......             (no amulet)
HPRegen  0.04/turn              (no ring)
MPRegen  0.11/turn              (no ring)

@: lethally poisoned (0 -> -7), quick
A: very small, no armour, no weapons or thrown items, stealth, claws 1, fangs 3,
see invisible, carnivore, speed 1, shaggy fur 1, slow metabolism 1, sharp paws
a: no special abilities


You were on level 2 of the Dungeon.
You were not hungry.

You visited 1 branch of the dungeon, and saw 2 of its levels.

You collected 63 gold pieces.

Inventory:

Scrolls
 a - 2 scrolls of identify
Comestibles
 b - 3 rations


   Skills:
 + Level 3.1 Dodging
 + Level 3.0 Stealth
 + Level 0.8 Unarmed Combat
 + Level 3.8 Spellcasting
 + Level 1.3 Conjurations
 + Level 1.0 Summonings
 + Level 1.5 Translocations


You had 2 spell levels left.
You knew the following spells:

 Your Spells              Type           Power        Failure   Level  Hunger
a - Magic Dart            Conj           #...         8%          1    None
b - Blink                 Tloc           N/A          11%         2    ##.....
c - Call Imp              Summ           #.......     13%         2    ##.....
d - Slow                  Hex            #.......     21%         2    ##.....

Your spell library contained the following spells:

 Spells                   Type           Power        Failure   Level  Hunger
 Conjure Flame            Conj/Fire      #.......     30%         3    ###....
 Mephitic Cloud           Conj/Pois/Air  #.......     32%         3    ###....


Dungeon Overview and Level Annotations

Branches:
Dungeon (2/15)

Altars:
Hepliaklqana


Innate Abilities, Weirdness & Mutations

You cannot wear armour.
You are incapable of wielding weapons or throwing items.
Your paws allow you to move quietly. (Stealth)
You have sharp claws.
You have razor-sharp teeth.
You have supernaturally acute eyesight. (SInv)
You are carnivorous and can eat meat at any time.
You cover ground quickly.
You are covered in fur. (AC +1)
You have a slow metabolism.
Your sharp claws are effective at attacking unaware monsters.


Message History

As you read the scroll of teleportation, it crumbles to dust.
You feel strangely unstable.
* * * LOW HITPOINT WARNING * * *
You feel sick.
You aren't carrying any potions.
As you read the scroll labeled KABUS DOEZYE, it crumbles to dust.
The dust glows dull yellow!
It was a scroll of random uselessness.
As you read the scroll labeled HIJYTEF OHARGHA, it crumbles to dust.
It is a scroll of enchant armour.
You aren't carrying any armour which can be enchanted further.
* * * LOW HITPOINT WARNING * * *
You feel sick.
You see here 13 gold pieces.
Your surroundings suddenly seem different.
* * * LOW HITPOINT WARNING * * *
You feel sick.
There is an open door here.
Unknown command.
Unknown command.
You die...

#. ##.##.....##..
##.###..#.......#..
#.......#.......#..
#..........._......
#.......#.......#.# #######
#.......#.......#.# ......#
#.......##.....##.# #####.#
#.......####.####.# ..<##.#
##@####...........# ......#
######.# ###.######### #######
#......#####..######### ######
#......................
.....######.....#################
.†...'.†................(...#
.....###........###..######.#
.....# #........# #..#...##.#
###### #........# #..#.#.##.#


There were no monsters in sight!

Vanquished Creatures
  2 adders (D:2)
  An ooze (D:1)
  A dart slug (D:1)
  A leopard gecko (D:1)
  5 bats (D:1)
  4 giant cockroaches
  2 goblins
  6 hobgoblins
  2 kobolds (D:1)
  4 rats
28 creatures vanquished.

Notes
Turn   | Place    | Note
-------+----------+-------------------------------------------
     0 | D:1      | dhn the Felid Wizard began the quest for the Orb.
     0 | D:1      | Reached XP level 1. HP: 7/7 MP: 5/5
   660 | D:1      | Reached XP level 2. HP: 11/11 MP: 4/7
  1284 | D:1      | Reached skill level 1 in Conjurations
  1773 | D:1      | Learned a level 2 spell: Blink
  1776 | D:1      | Learned a level 2 spell: Call Imp
  1779 | D:1      | Learned a level 2 spell: Slow
  1841 | D:2      | Reached XP level 3. HP: 8/14 MP: 0/9
  2093 | D:2      | Found a hazy altar of Hepliaklqana.
  2177 | D:2      | Succumbed to an adder's poison

Skill      XL: |  1  2  3 |
---------------+----------+-----
Dodging        | 3 |  3.1
Conjurations   | 1 |  1.3
Stealth        | 3 |  3.0
Unarmed Combat | |  0.8
Spellcasting   | |  3.8
Summonings     | |  1.0
Translocations | |  1.5

Action                   || total
-------------------------++-------
Melee: Unarmed           ||    46
       Bite              ||     2
 Cast: Magic Dart        ||   101
  Use: Scroll            ||     4
       Potion            ||     4
  Eat: Chunk             ||     2
Armor: Skin              ||    17
Dodge: Dodged            ||    86
